[Event "Late-Titled-Tuesday-Blitz-July-09-2024"]
[Site "Chess.com"]
[Date "2024.07.09"]
[Round "2"]
[White "AlleyOoper"]
[Black "praveenb2002"]
[Result "1/2-1/2"]
[WhiteElo "2564"]
[BlackElo "2840"]
[TimeControl "180+1"]
[EndTime "14:19:18 PDT"]
[Termination "Game drawn - insufficient material"]

1. d4 e6 2. Nc3 d5 3. e4 Bb4 4.
exd5 exd5 5. Bd3 Nc6 6. a3 Bxc3+ 7. bxc3 Nge7 8. Qf3 Be6 9. Ne2 Qd7 10. h3 O-O-O 11.
Rb1 h5 12. O-O Bf5 13. Ng3 Bxd3 14. cxd3 h4 15. Ne2 Rdg8 16. Nf4 Qf5 17. Qg4 g5 18. Nh5 Rg6 19. f4 Kb8 20. Qxf5 Nxf5 21. fxg5 Nce7 22. Nf6 c6 23. Nd7+ Kc8 24. Ne5 Rg7 25. Bf4 Rhg8 26. Rb2 b6 27. a4 Ng6 28. Nxg6 fxg6 29. a5 b5 30. Re2 Re7 31. Rxe7 Nxe7 32.
Re1 Kd7 33. a6 Rf8 34. Be3 Nf5 35. Bf2 Rb8 36. Rb1 Rb6 37. Ra1 b4 38. c4 b3 39. Kf1 b2 40. Rb1 Rxa6 41. Rxb2 Kc7 42. Rc2 Kd7 43. Ke2 Ra1 44. Kf3 Rf1 45. Kg4 a5 46. Ra2 a4 47. Bxh4 Nxh4 48. Kxh4 Rf4+ 49. Kg3 Rxd4 50. Rxa4 Rxd3+ 51. Kf2 Kd6 52. cxd5 Kxd5 53. Ra8 Kc5 54. Rg8 Rd6 55. g4 Kd4 56. h4 Ke4 57.
Rf8 c5 58. Rf6 Rd2+ 59. Kg3 Rd3+ 60. Kg2 Rd2+ 61. Rf2 Rxf2+ 62. Kxf2 Kf4 63. h5 Kxg5 64. hxg6 Kxg6 65. Ke3 Kg5 66. Kd3 Kxg4 67. Kc4 Kf4 68. Kxc5 1/2-1/2

[Event "Late-Titled-Tuesday-Blitz-July-09-2024"]
[Site "Chess.com"]
[Date "2024.07.09"]
[Round "2"]
[White "zverr1"]
[Black "luggevoila"]
[Result "0-1"]
[WhiteElo "2521"]
[BlackElo "2349"]
[TimeControl "180+1"]
[EndTime "14:19:23 PDT"]
[Termination "luggevoila won by checkmate"]

1. e4 e5 2. Nf3 Nc6 3. Bc4 Nf6 4. Ng5 d5 5. exd5 Na5 6. Bb5+ c6 7. dxc6 bxc6 8. Be2 h6 9. Nh3 g5 10. d3 g4 11. Ng1 Bc5 12. Nc3 Qb6 13. h3 Bxf2+ 14.
Kf1 Bxg1 15. Rxg1 gxh3 16. Bf3 Rg8 17. Qe2 hxg2+ 18. Rxg2 Rxg2 19. Qxe5+ Be6 20. Bxg2 Ng4 21. Qf4 O-O-O 22. b4 Rd4 23. Qg3 Rxb4 24. Ne4 Rb1 25. Rxb1 Qxb1 26. Qf4 Qxc2 27. Bd2 Qd1+ 28. Be1 Qxd3+ 29.
Kg1 Qe3+ 30. Qxe3 Nxe3 31. Bxa5 Nxg2 32. Nd6+ Kd7 33. Nxf7 Bxf7 34. Kxg2 Bxa2 35. Kf3 Ke6 36. Ke4 c5 37. Be1 Bb1+ 38. Ke3 Kd5 39. Kd2 Kc4 40. Kc1 Bf5 41. Kb2 Kd3 42. Kb3 c4+ 43. Kb2 a6 44. Kc1 h5 45. Kb2 Ke2 46. Bh4 Be6 47.
Kc3 a5 48. Bd8 a4 49. Kb4 Kd3 50. Kxa4 c3 51. Ka3 c2 52. Kb2 Kd2 53. Bg5+ Kd1 54. Kc3 h4 55. Kd4 h3 56. Bf4 h2 57. Bxh2 c1=Q 58.
Ke5 Qe3+ 59. Kd6 Qd2+ 60. Ke7 Qxh2 61. Kf6 Qe2 62. Ke7 Bf5+ 63. Kd6 Qe6+ 64. Kc5 Qd7 65.
Kc4 Qd6 66. Kc3 Qc5+ 67. Kb3 Be6+ 68. Ka4 Qc4+ 69. Ka5 Qb3 70. Ka6 Bc4+ 71. Ka7 Kd2 72. Ka8 Kd3 73. Ka7 Kd4 74. Ka8 Kd5 75. Ka7 Kc6 76.
Ka8 Qb7# 0-1

[Event "Late-Titled-Tuesday-Blitz-July-09-2024"]
[Site "Chess.com"]
[Date "2024.07.09"]
[Round "2"]
[White "PlotnikovPavel"]
[Black "ChessicallyInclined"]
[Result "0-1"]
[WhiteElo "2428"]
[BlackElo "2737"]
[TimeControl "180+1"]
[EndTime "14:19:25 PDT"]
[Termination "ChessicallyInclined won on time"]

1. e4 d6 2. d4 Nf6 3. Nc3 g6 4. Be2 Bg7 5. h4 h5 6. Nh3 Nbd7 7. Ng5 c5 8. Be3 cxd4 9. Bxd4 O-O 10. Qd2 a6 11. a4 Qc7 12. f3 Ne5 13. a5 Nc4 14. Bxc4 Qxc4 15. Ra4 Qc6 16. Rb4 Be6 17. O-O Rac8 18.
Rb6 Qc7 19. Ra1 Rfd8 20. Ra4 d5 21. Nxe6 fxe6 22. e5 Nd7 23. f4 Nxb6 24. Bxb6 Qc6 25. Bxd8 Rxd8 26. Qd4 Bh6 27. g3 Rc8 28. Rb4 Bf8 29.
Rb6 Qd7 30. Qd3 Kf7 31. Ne2 Rc5 32. Nd4 Rc4 33. b3 Rxd4 34. Qxd4 Qc7 35. c4 dxc4 36.
Qxc4 Qd7 37. Qe4 Qd1+ 38. Kf2 Qd2+ 39. Kf3 Qd1+ 40. Qe2 Qh1+ 41. Ke3 Qg1+ 42. Kd2 Qxg3 43. Qe3 Qxh4 44. Rxb7 Qh2+ 45. Kc3 Qg2 46. Rb8 h4 47.
Qd3 Qc6+ 48. Kb2 Qg2+ 49. Ka3 Qg1 50. Qd8 Qa1+ 51. Kb4 Qe1+ 52. Kc5 Qc3+ 53. Kb6 Qxb3+ 54. Ka7 Qe3+ 55. Ka8 Qe4+ 56. Ka7 Qe3+ 57. Qb6 Qxf4 58. Qxa6 Qxe5 59. Qb6 Bh6 60. Qd8 Be3+ 61. Ka6 Qd6+ 62. Qxd6 exd6 63. Rh8 g5 64. Kb7 Kg7 65. Rc8 h3 66.
Rc3 h2 67. Rc7+ Kg6 68. Rc1 Bxc1 0-1

[Event "Late-Titled-Tuesday-Blitz-July-09-2024"]
[Site "Chess.com"]
[Date "2024.07.09"]
[Round "2"]
[White "Zurability"]
[Black "mishanick"]
[Result "1-0"]
[WhiteElo "2676"]
[BlackElo "3098"]
[TimeControl "180+1"]
[EndTime "14:19:28 PDT"]
[Termination "Zurability won by resignation"]

1. e4 c5 2. Nf3 e6 3. c3 d5 4. exd5 Qxd5 5. d4 Nf6 6. Be2 Nc6 7. dxc5 Qxd1+ 8. Bxd1 Bxc5 9. O-O a5 10. Ba4 Bd7 11.
Nbd2 Ke7 12. Nc4 Rhb8 13. Bb5 Ne5 14. Bxd7 Nxf3+ 15. gxf3 Nxd7 16. Be3 Rc8 17. Nd2 Bxe3 18. fxe3 Ne5 19. Rab1 a4 20. a3 b5 21. Kf2 Rd8 22.
Ke2 Rd7 23. f4 Nd3 24. Nf3 Nc5 25. Nd4 Rb7 26. Rfd1 Rb6 27. Nf3 Rc8 28. Rd4 Rc7 29. Rbd1 Nb3 30. Rd8 Na5 31. Ne5 Rbb7 32. Rg8 g6 33.
Rdd8 h5 34. Rde8+ Kf6 35. Ref8 Kf5 36. Kf3 Nb3 37. e4+ Kf6 38. Rxg6+ Ke7 39. Rxf7+ Kd6 40. Rf8 Nc5 41. Rd8+ Ke7 42. Rh8 Kd6 43. Rxh5 Rh7 44. Rgh6 Rxh6 45. Rxh6 Rg7 46. Ng4 Kc7 47. h3 Rd7 48.
Ne5 Rd2 49. Rh7+ Kd6 50. Nf7+ Kc6 51. Ne5+ Kd6 52. Nf7+ Kc6 53. Ne5+ Kb6 54. f5 exf5 55. exf5 Rd1 56. Ke2 Rd5 57. Re7 Ka6 58. f6 Rd6 59. f7 Rf6 60. Ng6 Ne6 61. Kd2 Rxg6 62. Rxe6+ Rxe6 63. f8=Q Rg6 64. Qf2 Rh6 65. h4 Rd6+ 66. Kc2 Rh6 67.
Qf4 Rh5 68. Qg4 Re5 69. h5 Re1 70. h6 Rh1 71. Qg6+ Ka5 72. h7 b4 73. axb4+ Kb5 74.
Qf5+ Kb6 75. Qe6+ Kc7 76. Qe5+ Kb6 77. Qd4+ Kc7 78. h8=Q 1-0

[Event "Late-Titled-Tuesday-Blitz-July-09-2024"]
[Site "Chess.com"]
[Date "2024.07.09"]
[Round "2"]
[White "Rud_Makarian"]
[Black "TheMagician"]
[Result "1-0"]
[WhiteElo "2980"]
[BlackElo "2110"]
[TimeControl "180+1"]
[EndTime "14:19:30 PDT"]
[Termination "Rud_Makarian won on time"]

1. Nf3 d5 2. g3 c6 3. Bg2 Bg4 4. O-O Bxf3 5. exf3 e6 6. f4 g6 7. d4 Bg7 8. c3 Ne7 9. Nd2 Nd7 10. Nf3 c5 11.
dxc5 Nxc5 12. Be3 b6 13. Bd4 f6 14. Re1 Kf7 15. Qc2 Nf5 16. Bh3 Re8 17. Rad1 Rc8 18. Qe2 Ne4 19. Qd3 Qc7 20. a3 Nc5 21. Qb1 Nb3 22.
Re2 Nbxd4 23. Nxd4 Nxd4 24. Rxd4 f5 25. Rd3 d4 26.
cxd4 Qc1+ 27. Qxc1 Rxc1+ 28. Kg2 Rec8 29. Red2 R1c2 30.
Kf3 Rxd2 31. Rxd2 Rd8 32. Ke3 Rd7 33. Bf1 Ke7 34. Bc4 Rc7 35. b3 a6 36. Bxa6 Ra7 37. Bc4 Rxa3 38. Rd3 Kd6 39. Kf3 Ra1 40. Re3 Bxd4 41.
Rxe6+ Kc5 42. Re7 Ra2 43. Be2 Rb2 44. Rc7+ Kd6 45. Rxh7 Rxb3+ 46. Kg2 Rb2 47. Kf3 Rb3+ 48. Kg2 Rb2 49. Bc4 Rxf2+ 50. Kh3 Rc2 51. Bf1 Bg1 52.
Bg2 Rc7 53. Rh6 Rg7 54. g4 fxg4+ 55. Kxg4 Kc5 56. Be4 b5 57. Bxg6 Bxh2 58. f5 Be5 59. Kg5 Bd4 60. Rh3 b4 61. f6 Bxf6+ 62. Kxf6 Rb7 63.
Bc2 Rc7 64. Bb3 Kd4 65. Be6 Rc3 66. Rh4+ Kc5 67. Rh8 b3 68. Rb8 Kd6 69. Bxb3 Rf3+ 70. Kg5 Rf2 71. Bd1 Ke5 72. Re8+ Kd6 73. Bg4 Rf1 74.
Bf5 Rf2 75. Kf6 Kc5 76. Ke5 Rh2 77. Rc8+ Kb4 78. Kd4 Rh4+ 79. Be4 Kb5 80. Rb8+ Ka6 81. Kd5 1-0

[Event "Late-Titled-Tuesday-Blitz-July-09-2024"]
[Site "Chess.com"]
[Date "2024.07.09"]
[Round "2"]
[White "krzyzan94"]
[Black "Narek_Ghimoyan"]
[Result "0-1"]
[WhiteElo "2747"]
[BlackElo "2488"]
[TimeControl "180+1"]
[EndTime "14:19:33 PDT"]
[Termination "Narek_Ghimoyan won by resignation"]

1. e4 c5 2. Nf3 e6 3. g3 Nc6 4.
Bg2 Nf6 5. Qe2 e5 6. O-O Be7 7. d3 O-O 8. a4 d6 9. Na3 h6 10.
c3 Be6 11. Nc4 Re8 12. Nh4 a6 13. Ne3 b5 14. Nhf5 Bf8 15. Bd2 g6 16. Nh4 Bg7 17.
Kh1 Rb8 18. axb5 axb5 19. Ra6 Rb6 20. Rfa1 Rxa6 21. Rxa6 Qc8 22. Ra1 Qb7 23. f4 Bd7 24. f5 g5 25. Nf3 Ra8 26. Qf1 Ra7 27. h4 g4 28. Nh2 h5 29. Rxa7 Qxa7 30. Nd5 Qa2 31. Bg5 Nxd5 32. exd5 Na5 33. f6 Bf8 34. Qe2 Qb1+ 35. Nf1 Bf5 36. Be4 Bxe4+ 37. dxe4 Nc4 38. Kg2 Qxb2 39. Qxb2 Nxb2 40. Nd2 Kh7 41.
Nb3 Nd1 42. Bd2 Kg6 43. Kf1 Kxf6 44. Ke2 Nb2 45. Bg5+ Kg6 46. Na5 f6 47. Bc1 Na4 48.
Bd2 f5 49. Nb7 fxe4 50. Be1 Kf5 51. Nd8 Be7 52. Nb7 Nb6 53. Na5 Nxd5 54. Nc6 Bf6 55. Na5 Nb6 56. Nb7 Ke6 57. Na5 d5 58. Nb3 Be7 59.
Nd2 Nc4 60. Nb3 d4 61. Bd2 d3+ 62. Kf2 Nxd2 63. Nxd2 Kd5 64. Nf1 Kc4 65. Ne3+ Kb3 66. Ke1 c4 67. Kd2 b4 68. Nd5 bxc3+ 69. Ke3 Bc5+ 70.
Kxe4 d2 71. Ne3 Bxe3 72. Kxe5 d1=Q 0-1

[Event "Late-Titled-Tuesday-Blitz-July-09-2024"]
[Site "Chess.com"]
[Date "2024.07.09"]
[Round "2"]
[White "ninjatrick"]
[Black "PawnEatingZombie"]
[Result "1-0"]
[WhiteElo "2497"]
[BlackElo "2275"]
[TimeControl "180+1"]
[EndTime "14:19:33 PDT"]
[Termination "ninjatrick won on time"]

1. Nf3 g6 2. e3 d5 3. b3 Bg7 4.
d4 Nf6 5. Bb2 O-O 6. c4 b6 7.
Nbd2 Bb7 8. Bd3 Nbd7 9. O-O c5 10.
Ne5 cxd4 11. exd4 dxc4 12. Ndxc4 b5 13. Nxd7 Nxd7 14. Ne3 a6 15. Qe2 Nb6 16. Rad1 Nd5 17. Nxd5 Qxd5 18. Qg4 e6 19. Rfe1 Qd6 20. Be2 Rac8 21.
Rc1 h5 22. Qg5 Qd5 23. Qg3 Qd7 24. Qe3 Rfd8 25. Red1 Kh7 26. f4 Bd5 27. Kh1 Qb7 28. Qf2 Be4 29. a3 Rxc1 30. Rxc1 Qd5 31. Qg3 Qf5 32.
Qf2 Bf6 33. Qe3 h4 34. h3 g5 35. Bg4 Qg6 36. Re1 Bf5 37. Bf3 gxf4 38. Qxf4 Bg5 39.
Qc7 Rf8 40. a4 Rg8 41. axb5 axb5 42. Qb7 Bd2 43. Rd1 Be3 44. Qxb5 Qg3 45. Qe2 Qf2 46. Qxf2 Bxf2 47. d5 Rd8 48. dxe6 Rxd1+ 49. Bxd1 fxe6 50. b4 Bb6 51. b5 Kg6 52. Bf3 Bd3 53. Bc6 Kf5 54.
Bc3 Kf4 55. Be1 Kg5 56. g3 hxg3 57. Bxg3 Kf5 58. Kg2 e5 59. Kf3 e4+ 60. Kg2 e3 61.
h4 e2 62. Be1 Kg4 63. Bd7+ Kh5 64. Be8+ Kg4 65. h5 Kg5 66. Bd2+ Kf6 67. h6 1-0

[Event "Late-Titled-Tuesday-Blitz-July-09-2024"]
[Site "Chess.com"]
[Date "2024.07.09"]
[Round "2"]
[White "Kyrko_Gamba"]
[Black "Yaacovn"]
[Result "0-1"]
[WhiteElo "2523"]
[BlackElo "2794"]
[TimeControl "180+1"]
[EndTime "14:19:46 PDT"]
[Termination "Yaacovn won on time"]

1. c4 Nf6 2. Nc3 b6 3. g3 Bb7 4. Nf3 Bxf3 5. exf3 c5 6. Bg2 Nc6 7. O-O g6 8. b3 Bg7 9. Bb2 O-O 10.
Ne2 Ne8 11. Bxg7 Nxg7 12. d4 cxd4 13. Nxd4 Ne6 14. Nxe6 dxe6 15. f4 Qc7 16. Qd3 Rad8 17. Qc3 Nd4 18. Rfe1 Rd6 19. h4 h5 20. Kh2 Rfd8 21.
Re5 Nf5 22. Rae1 Rd2 23. R1e2 R2d3 24. Qc1 Nh6 25. Bh3 Qc6 26. Qc2 Rd1 27. Qe4 Qxe4 28. R5xe4 Ra1 29. Kg2 Kg7 30. Kf3 Kf6 31. Ke3 Rad1 32.
Kf3 R8d3+ 33. R4e3 Rd4 34. Rc3 Ra1 35. Ke3 Rad1 36. b4 Rd8 37. c5 bxc5 38. bxc5 R1d5 39. c6 R5d6 40. c7 Rc8 41. Rb2 Rd7 42. Rb7 a5 43. Ke2 Nf5 44. Bxf5 exf5 45. a4 e6 46. Rc5 Ke7 47.
Rxa5 Rcxc7 48. Rxc7 Rxc7 49. Ra8 Rc2+ 50. Kf3 Ra2 51.
a5 Ra3+ 52. Ke2 Ra2+ 53. Ke3 Ra3+ 54. Kd4 Rf3 55. a6 Rxf2 56. Kc5 Ra2 57. Kb5 Rb2+ 58. Kc6 Rc2+ 59. Kb6 Rb2+ 60. Ka5 Ra2+ 61. Kb4 Kf6 62. Kb5 Rb2+ 63. Kc4 Ra2 64. Kb5 e5 65. fxe5+ Kxe5 66. Rc8 f4 67. gxf4+ Kxf4 68. Rc4+ Kg3 69. Ra4 Rb2+ 70.
Kc6 Rb8 71. a7 Rg8 72. Kd6 g5 73. hxg5 h4 74. Ke7 h3 75. Kxf7 Ra8 76. g6 h2 77.
Ra1 Rxa7+ 0-1

[Event "Late-Titled-Tuesday-Blitz-July-09-2024"]
[Site "Chess.com"]
[Date "2024.07.09"]
[Round "2"]
[White "Mikhal867"]
[Black "MikeSailer"]
[Result "0-1"]
[WhiteElo "2436"]
[BlackElo "2105"]
[TimeControl "180+1"]
[EndTime "14:19:46 PDT"]
[Termination "MikeSailer won by resignation"]

1. d4 d5 2. c4 c6 3. Nf3 Nf6 4. Nc3 g6 5. Qc2 Bg7 6. cxd5 cxd5 7. Bf4 O-O 8. e3 Nc6 9. a3 Bf5 10. Qb3 Na5 11. Qa4 a6 12. b4 Nc4 13. Bxc4 dxc4 14. O-O b5 15. Qa5 Qxa5 16. bxa5 Ne4 17. Nxe4 Bxe4 18. Be5 Bxf3 19. Bxg7 Kxg7 20. gxf3 Kf6 21.
Rac1 Rfc8 22. Rc3 e5 23. d5 Ke7 24. e4 Kd6 25. Rb1 Rab8 26. Kg2 Kc5 27. h4 Kd4 28.
Re3 c3 29. Kg3 Rc4 30. Rd1+ Kc5 31. f4 exf4+ 32. Kxf4 b4 33. axb4+ Rbxb4 34. f3 c2 35. Rc1 Rb1 36. Ree1 Rxc1 37. Rxc1 Kb4 38. Ke5 Kc3 39. d6 Rc8 40. d7 Ra8 41. Kd6 Kd2 42. Ra1 c1=Q 43. Rxc1 Kxc1 44. Kc7 Kd2 45. d8=Q+ Rxd8 46. Kxd8 h5 47. f4 Ke3 48. f5 Kxe4 49. fxg6 fxg6 50.
Kc7 g5 51. hxg5 Kf5 52. Kb6 h4 53. Kxa6 h3 54. Ka7 h2 55. a6 h1=Q 56. Kb8 Qb1+ 57. Kc7 Qc2+ 58. Kb7 Qb3+ 59. Kc7 Qc4+ 60. Kb7 Qb5+ 61.
Ka7 Qd7+ 62. Kb8 Qd6+ 63. Kb7 Qb4+ 64. Kc6 Qc4+ 65. Kb7 Qb5+ 66. Ka7 Kxg5 67. Ka8 Qc6+ 68. Kb8 Qb6+ 69. Ka8 Qd8+ 70. Kb7 Qd7+ 71. Kb8 Qd6+ 72.
Ka8 Qc6+ 73. Ka7 Kf6 74. Kb8 Qb6+ 75. Kc8 Qxa6+ 76. Kb8 Qe6 0-1

[Event "Late-Titled-Tuesday-Blitz-July-09-2024"]
[Site "Chess.com"]
[Date "2024.07.09"]
[Round "2"]
[White "LordIron"]
[Black "Chessmatus"]
[Result "1/2-1/2"]
[WhiteElo "2351"]
[BlackElo "2521"]
[TimeControl "180+1"]
[EndTime "14:19:53 PDT"]
[Termination "Game drawn by stalemate"]

1. d4 Nf6 2. Nc3 d5 3. Bf4 e6 4. e3 Bd6 5. Nf3 O-O 6. Bxd6 Qxd6 7. Bd3 b6 8. O-O Ba6 9. Bxa6 Nxa6 10. Qe2 Nb8 11.
e4 dxe4 12. Nxe4 Nxe4 13. Qxe4 Nd7 14. c3 Nf6 15. Qe5 h6 16. Rfe1 Rfe8 17. a4 a6 18.
a5 b5 19. b4 Nd5 20. Rac1 Nf4 21. Rcd1 Rad8 22. Re4 Nd5 23. Rd3 f6 24. Qh5 Nf4 25. Rxf4 Qxf4 26. Re3 e5 27. g3 Qxe3 28. fxe3 exd4 29.
exd4 Rd6 30. d5 Red8 31. Nd4 Rxd5 32. Qg4 Kh8 33. Qe6 R5d6 34. Qe7 R6d7 35. Qe4 Rd5 36.
Kg2 R5d6 37. Kh3 Rd5 38. Qe7 R5d7 39. Qc5 Kh7 40. Qc6 Rd5 41. Qxc7 R8d6 42. Qc8 h5 43. Nf5 Rd7 44. Ne3 Rd3 45. Nf5 R3d5 46. Qc6 Rd2 47. Qxa6 g5 48. g4 R2d3+ 49. Ng3 h4 50. Qxf6 hxg3 51.
hxg3 R3d6 52. Qf5+ Kg7 53. Qxg5+ Rg6 54. Qe5+ Kh7 55. g5 Rgd6 56. Qf5+ Kg7 57. Qxb5 Rd1 58. Qe5+ Kg8 59. Qe6+ Kf8 60. Qf6+ Kg8 61. g6 R1d6 62. Qf5 Kg7 63. g4 Re7 64. Kh4 Rxg6 65. b5 Rf6 66. Qg5+ Kf7 67. Qh5+ Rg6 68. Qf5+ Kg7 69. a6 Rh6+ 70. Kg3 Rhe6 71. Kh4 Rh6+ 72. Kg3 Rhe6 73. Qg5+ Rg6 74. Qxe7+ Kh6 75. Qe3+ Rg5 76. Qxg5+ Kxg5 77. a7 Kh6 78. a8=Q Kg5 79. Qa6 1/2-1/2

[Event "Late-Titled-Tuesday-Blitz-July-09-2024"]
[Site "Chess.com"]
[Date "2024.07.09"]
[Round "2"]
[White "Andrei_Skvortsov"]
[Black "Barboval"]
[Result "1-0"]
[WhiteElo "2799"]
[BlackElo "2531"]
[TimeControl "180+1"]
[EndTime "14:19:57 PDT"]
[Termination "Andrei_Skvortsov won by checkmate"]

1. e4 Nf6 2. Nc3 d5 3. e5 d4 4.
exf6 dxc3 5. bxc3 exf6 6. Nf3 Bd6 7. Bd3 O-O 8. O-O Bg4 9. h3 Bh5 10. Re1 Nc6 11. a4 Ne5 12. Be2 Nxf3+ 13. Bxf3 Bxf3 14. Qxf3 c6 15. d3 Re8 16. Be3 a6 17. Reb1 b5 18. Qxc6 Re6 19. axb5 Bh2+ 20. Kxh2 Rxc6 21. bxc6 Qd6+ 22.
g3 Qxc6 23. c4 h5 24. Rb6 Qc8 25. Ra5 h4 26. g4 Qc7+ 27. Kg2 Re8 28. Raxa6 Rxe3 29. fxe3 Qg3+ 30. Kf1 Qxh3+ 31. Ke1 Qg3+ 32. Kd2 h3 33.
Ra8+ Kh7 34. Ra1 h2 35. Rbb1 Qf2+ 36. Kc3 Qxe3 37. Rh1 Kg6 38. Rae1 Qg3 39. Re2 Qxg4 40. Rhxh2 Qc8 41. Reg2+ Kf5 42. Rxg7 Qa8 43. Rf2+ Ke6 44. Re2+ Kf5 45. Rf2+ Ke6 46. Rgg2 f5 47. d4 Qa3+ 48. Kd2 Qb4+ 49. Kd3 Qa3+ 50. c3 Qc1 51. Re2+ Kf6 52.
c5 f4 53. Rgf2 Kg5 54. Rc2 Qa3 55. Rg2+ Kf5 56. Rh2 f3 57. Ke3 Kg4 58. c6 Qe7+ 59. Kd3 f5 60. Kc4 Kg3 61. d5 Qd6 62. Rhd2 f4 63.
Kd4 Kg4 64. c4 Kf5 65. c5 Qe5+ 66. Kc4 Qe4+ 67. Kb5 Qe8 68. d6 Qb8+ 69. Kc4 Qg8+ 70. Kc3 Qh8+ 71. Rd4 Qe5 72. Kc4 Qe2+ 73. Rxe2 fxe2 74.
Rd5+ Ke4 75. d7 e1=Q 76. Rd4+ Kf3 77. d8=Q Qc1+ 78. Kd5 Kf2 79. c7 f3 80. c8=Q Ke2 81. Qe6+ Kf1 82. Qdf6 f2 83. Qxf2+ Kxf2 84. Qf5+ Kg2 85.
Rg4+ Kh3 86. Qh5# 1-0

[Event "Late-Titled-Tuesday-Blitz-July-09-2024"]
[Site "Chess.com"]
[Date "2024.07.09"]
[Round "2"]
[White "Oleg_Papayan"]
[Black "Arystanner"]
[Result "1/2-1/2"]
[WhiteElo "2611"]
[BlackElo "2907"]
[TimeControl "180+1"]
[EndTime "14:20:27 PDT"]
[Termination "Game drawn - insufficient material"]

1. d4 Nf6 2. Nc3 d5 3. Bf4 Bd7 4. Nf3 e6 5. e3 c5 6. Ne5 Bc6 7. Bd3 Nbd7 8. Nxc6 bxc6 9. O-O c4 10. Be2 Bb4 11.
Na4 O-O 12. c3 Be7 13. b4 cxb3 14. axb3 c5 15. c4 Rc8 16. Nc3 cxd4 17. exd4 Bb4 18. Nb5 a5 19. c5 Ne4 20. Qd3 e5 21. Bxe5 Nxe5 22. dxe5 Nxc5 23. Qe3 Ne6 24. Rfd1 Bc5 25.
Qf3 d4 26. Bc4 Qg5 27. Nd6 Bxd6 28. exd6 Qe5 29. Qd5 Qxd5 30. Bxd5 Nf4 31. Rxa5 Rfd8 32. Bxf7+ Kxf7 33. Rf5+ Ke6 34. Rxf4 Rxd6 35. Re4+ Kf5 36. f3 d3 37. Re3 d2 38. Kf2 Rc2 39. Ke2 Rb2 40. g3 h5 41. h4 g6 42. Kf2 Ra2 43. Re2 Rb2 44. Re3 Rd7 45. Re2 Kf6 46. Re4 Rxb3 47. Re2 Rbd3 48. Re3 R3d6 49. Ke2 g5 50.
hxg5+ Kxg5 51. Re5+ Kg6 52. Re3 Kh6 53. Re4 Rg7 54. g4 hxg4 55. Rxg4 Rgd7 56. Re4 Kg5 57. Re3 Kf4 58. Re4+ Kf5 59. Re3 Rd4 60. Re4 R4d6 61. Re3 Rh6 62. Kf2 Rd4 63. Re4 Rd8 64. Ke3 Rh2 65.
Rf4+ Ke5 66. Re4+ Kf6 67. Rf4+ Kg5 68. Rg4+ Kh5 69. Rd4 Re8+ 70. Re4 Ra8 71. Rxd2 Ra3+ 72. Rd3 Rxd3+ 73. Kxd3 Kg5 74. Ke3 Kf5 75. Rg4 Ra2 76. Re4 Ra3+ 77. Kf2 Ra1 78. Kg3 Rg1+ 79. Kf2 Ra1 80.
Rb4 Rc1 81. Rb5+ Kf4 82. Rb4+ Kf5 83. Kg3 Rg1+ 84. Kf2 Ra1 85. f4 Ra3 86. Rc4 Kg4 87. Rb4 Rf3+ 88. Ke2 Ra3 89. Kd2 Rf3 90. Rd4 Rh3 91.
Kc2 Kf5 92. Kd2 Rf3 93. Rc4 Ra3 94. Ke2 Rb3 95. Kf2 Rh3 96. Kg2 Rd3 97. Rb4 Kg4 98.
Kf2 Kf5 99. Ke2 Ra3 100. Kd2 Rh3 101. Kc2 Rg3 102. Kb2 Rf3 103. Rc4 Rxf4 104. Rxf4+ Kxf4 1/2-1/2

[Event "Late-Titled-Tuesday-Blitz-July-09-2024"]
[Site "Chess.com"]
[Date "2024.07.09"]
[Round "2"]
[White "Djager97"]
[Black "vi_pranav"]
[Result "1-0"]
[WhiteElo "2646"]
[BlackElo "2985"]
[TimeControl "180+1"]
[EndTime "14:20:49 PDT"]
[Termination "Djager97 won by resignation"]

1. e4 e5 2. Nf3 Nc6 3. d4 exd4 4. Nxd4 Bc5 5. Nb3 Bb6 6. Qe2 a5 7. a4 Nf6 8. Nc3 d6 9. Be3 Bxe3 10. Qxe3 O-O 11. O-O-O Re8 12. f3 Be6 13. Nd4 Bd7 14. Bc4 Nb4 15. Qd2 c6 16. Kb1 d5 17. exd5 cxd5 18. Bb3 Rc8 19. Rhe1 Qc7 20. g4 Qd6 21. h4 h5 22. g5 Nh7 23. f4 Bg4 24. Rc1 Nf8 25. f5 Nd7 26. g6 Nc5 27. gxf7+ Kxf7 28. f6 Nxb3 29. Nxb3 Rxe1 30. Rxe1 Qxf6 31. Nxd5 Rxc2 32. Nxf6 Rxd2 33. Nxd2 gxf6 34. Re3 Bf5+ 35. Kc1 Nd3+ 36. Kc2 Nc5+ 37. Kc3 Nxa4+ 38. Kd4 b5 39. b3 Nb2 40.
Kc5 a4 41. Kxb5 a3 42. Re1 Bc2 43. Ra1 f5 44. Rxa3 Nd1 45. b4 f4 46. Kc5 Ke6 47. b5 Nc3 48. b6 Ne4+ 49. Nxe4 Bxe4 50. Ra4 Kf5 51. Rxe4 Kxe4 52. b7 f3 53. b8=Q f2 54.
Qf8 Ke3 55. Qe7+ Kf3 56. Qf6+ Kg2 57. Qg5+ Kh1 58. Qf4 Kg1 59. Qg3+ Kh1 60. Qh3+ Kg1 61. Qg3+ Kh1 62. Qf4 Kg1 63. Qe3 Kh1 64. Qg5 f1=Q 65. Qxh5 Qf2+ 66. Kd5 Qd2+ 67. Ke6 Qe3+ 68. Kf7 Kh2 69.
Qg5 Qa7+ 70. Kg6 Qb6+ 71. Qf6 Qb1+ 72. Kg5 Qb5+ 73. Qf5 Qe8 74. h5 Qg8+ 75. Kf4 Qc4+ 76. Qe4 Qc1+ 77. Kf5 Qc8+ 78. Qe6 Qf8+ 79. Kg6 Qf2 80.
Qe5+ Kh1 81. h6 Qg3+ 82. Qg5 Qd3+ 83. Qf5 Qg3+ 84. Kf7 Qc7+ 85. Kg8 Qg3+ 86. Kh7 Qc7+ 87. Kg6 Qg3+ 88. Kh5 Qh2+ 89. Kg5 Qd2+ 90. Qf4 Qd5+ 91. Kh4 Qd7 92. Qf3+ Kh2 93. Qg3+ Kh1 94. Qh3+ Qxh3+ 95. Kxh3 1-0

[Event "Late-Titled-Tuesday-Blitz-July-09-2024"]
[Site "Chess.com"]
[Date "2024.07.09"]
[Round "3"]
[White "mishanick"]
[Black "VitorBronson"]
[Result "1-0"]
[WhiteElo "3099"]
[BlackElo "2511"]
[TimeControl "180+1"]
[EndTime "14:23:20 PDT"]
[Termination "mishanick won by resignation"]

1. d4 d5 2. c4 c6 3. Nc3 Nf6 4. Nf3 e6 5. g3 dxc4 6. Bg2 Nbd7 7. O-O b5 8. e4 Bb7 9. e5 Nd5 10. Ng5 h6 11. Qh5 g6 12. Qh3 Be7 13. Nge4 h5 14.
Re1 Qb6 15. Bg5 O-O-O 16. Bxe7 Nxe7 17. Nd6+ Kb8 18. Nxf7 Rdf8 19. Nxh8 Rxh8 20. Qxe6 1-0

[Event "Late-Titled-Tuesday-Blitz-July-09-2024"]
[Site "Chess.com"]
[Date "2024.07.09"]
[Round "3"]
[White "adrivillu"]
[Black "PNEPaul"]
[Result "1-0"]
[WhiteElo "2445"]
[BlackElo "1889"]
[TimeControl "180+1"]
[EndTime "14:23:20 PDT"]
[Termination "adrivillu won by resignation"]

1. e4 e5 2. Nf3 Nc6 3. Nc3 Be7 4. d4 exd4 5. Nxd4 d6 6. Bc4 Nf6 7. O-O O-O 8. Re1 Ne5 9. Bf1 c5 10. Nf5 Bxf5 11. exf5 d5 12. Rxe5 1-0

[Event "Late-Titled-Tuesday-Blitz-July-09-2024"]
[Site "Chess.com"]
[Date "2024.07.09"]
[Round "3"]
[White "AlexTruskavetsky"]
[Black "ural58"]
[Result "1-0"]
[WhiteElo "2687"]
[BlackElo "2456"]
[TimeControl "180+1"]
[EndTime "14:23:45 PDT"]
[Termination "AlexTruskavetsky won by resignation"]

1. d4 d5 2. c4 e5 3. dxe5 d4 4. Nf3 Nc6 5. a3 g6 6. b4 Bg7 7. Bb2 Nh6 8. Nbd2 Nf5 9. g3 Nxe5 10. Nxe5 Bxe5 11. Bg2 O-O 12. O-O c6 13. Nf3 Bg7 14.
Qd3 a5 15. Rfd1 axb4 16. axb4 Re8 17. Rxa8 1-0

[Event "Late-Titled-Tuesday-Blitz-July-09-2024"]
[Site "Chess.com"]
[Date "2024.07.09"]
[Round "3"]
[White "Franmu14"]
[Black "David_George21"]
[Result "0-1"]
[WhiteElo "2695"]
[BlackElo "2477"]
[TimeControl "180+1"]
[EndTime "14:24:11 PDT"]
[Termination "David_George21 won by resignation"]

1. e4 c5 2. Nc3 g6 3. d4 cxd4 4.
Qxd4 Nf6 5. Nf3 Nc6 6. Qa4 Bg7 7. e5 Ng8 8. Bf4 Qb6 9. O-O-O Qxf2 10. Bc4 Qxg2 11.
Rhf1 Nh6 12. Ne4 O-O 13. Neg5 Qg4 14. h3 Qxf4+ 15. Kb1 Qe3 16. Rde1 Qb6 0-1

[Event "Late-Titled-Tuesday-Blitz-July-09-2024"]
[Site "Chess.com"]
[Date "2024.07.09"]
[Round "3"]
[White "Narek_Ghimoyan"]
[Black "bubeliang"]
[Result "1-0"]
[WhiteElo "2502"]
[BlackElo "2805"]
[TimeControl "180+1"]
[EndTime "14:24:16 PDT"]
[Termination "Narek_Ghimoyan won by resignation"]

1. e4 c6 2. d4 d5 3. Nc3 dxe4 4. Nxe4 Nf6 5. Nxf6+ exf6 6. c3 Bd6 7. Bd3 O-O 8.
Qc2 Re8+ 9. Ne2 h5 10. O-O h4 11.
h3 Nd7 12. Bd2 Nf8 13. Rae1 Qc7 14. f4 Bd7 15. f5 Re7 16. c4 Rae8 17. c5 Bh2+ 18. Kh1 Nh7 19. Qc1 Bg3 20. Nxg3 Qxg3 21. Bc4 Ng5 22. Rxe7 Rxe7 23. Bf4 Ne4 24. Bxg3 Nxg3+ 25. Kh2 Nxf1+ 26. Qxf1 Re4 27. Qf2 Kf8 28. Bd3 1-0

[Event "Late-Titled-Tuesday-Blitz-July-09-2024"]
[Site "Chess.com"]
[Date "2024.07.09"]
[Round "3"]
[White "merinasian"]
[Black "xhembulla"]
[Result "1-0"]
[WhiteElo "2434"]
[BlackElo "2612"]
[TimeControl "180+1"]
[EndTime "14:24:16 PDT"]
[Termination "merinasian won by resignation"]

1. d4 Nf6 2. Nf3 e6 3. g3 b6 4. Bg2 Bb7 5. O-O Be7 6. c4 O-O 7. d5 Re8 8. Nc3 exd5 9. cxd5 Bb4 10. Nh4 d6 11. Nf5 Nbd7 12. e4 Bxc3 13. bxc3 g6 14. Nh6+ Kg7 15. Re1 Nc5 16. Bg5 Re5 17. f4 Rxg5 18.
fxg5 Nfd7 19. Rf1 Ne5 20. Qd4 Kf8 21. Nxf7 Nxf7 22. Qh8+ Ke7 23. Qf6+ Kd7 24. Bh3+ 1-0